 Dungeon Crawl Stone Soup version 0.28-a0-472-g50180c0d78 (webtiles) character file.

Game seed: 6210591927775170531

48 Dabor the Ruffian (level 3, -9/28 HPs)
             Began as a Demigod Transmuter on Sept 15, 2021.
             Killed by divine providence
             ... invoked by an orc priest
              (15 damage)
             ... on level 3 of the Dungeon.
             The game lasted 00:03:23 (2350 turns).

Dabor the Ruffian (Demigod Transmuter)              Turns: 2350, Time: 00:03:23

Health: -9/28      AC:  2    Str: 15    XL:     3   Next: 30%
Magic:  7/8        EV: 12    Int: 15    God:
Gold:   104        SH:  0    Dex: 14    Spells: 5/6 levels left

rFire   . . .      SeeInvis .     - Unarmed
rCold   . . .      Faith    .   (no shield)
rNeg    . . .      Spirit   .   a - +0 robe
rPois   .          Reflect  .   (helmet currently unavailable)
rElec   .          Harm     .   (no cloak)
rCorr   .          Rampage  .   (no gloves)
Will    .....                   (boots currently unavailable)
Stlth   +.........              (no amulet)
HPRegen 0.09/turn               (no ring)
MPRegen 0.11/turn               (no ring)

@: appendages (expiring)
A: horns 2, talons 2, high mp 1, forlorn
a: End Transformation


You were on level 3 of the Dungeon.
You had temporarily grown beastly horns and talons.
You visited 1 branch of the dungeon, and saw 3 of its levels.

You collected 104 gold pieces.

Inventory:

Armour
 a - a +0 robe (worn)
Potions
 c - a potion of might {unknown}
 d - a potion of lignification
 f - a potion of heal wounds {unknown}
 g - a potion of haste {unknown}


   Skills:
 + Level 1.5 Fighting
 + Level 2.2 Dodging
 + Level 3.0 Unarmed Combat
 + Level 2.1 Spellcasting
 + Level 2.2 Transmutations


You had 5 spell levels left.
You knew the following spells:

 Your Spells              Type           Power      Damage    Failure   Level
a - Beastly Appendage     Tmut           16%        N/A       9%          1

Your spell library contained the following spells:

 Spells                   Type           Power      Damage    Failure   Level
 Wereblood                Tmut           8%         N/A       13%         2
 Magic Dart               Conj           4%         1d3       22%         1
 Searing Ray              Conj           2%         2d4       32%         2
 Spider Form              Tmut/Pois      2%         N/A       38%         3
 Ice Form                 Ice/Tmut       4%         N/A       80%         4
 Fulminant Prism          Conj/Hex       0%         3d6       91%         4


Dungeon Overview and Level Annotations

Branches:
Dungeon (3/15)


Innate Abilities, Weirdness & Mutations

You have temporarily grown beastly horns and talons.
Your attributes grow dramatically as you level up.
You have an increased reservoir of magic. (+10% MP)
You shall have no god before yourself.


Message History

You hit the adder.
You kill the adder!
You see here an adder corpse.
Found 7 gold pieces.
You now have 104 gold pieces (gained 7).
An orc and an orc priest come into view.
The orc is wielding a +1 mace of draining.
Found 21 stones.
The orc shouts!
The orc priest shouts!
An orc comes into view. It is wielding a +0 flail.
The orc priest invokes the aid of Beogh against you.
Pain shoots through your body!
You grow a pair of large bovine horns.
Your feet morph into talons.
The orc shouts!
The orc priest hits you with a +0 hand axe!
You hit the orc priest.
You claw the orc priest, but do no damage.
The orc priest is lightly wounded.
You barely miss the orc. You claw the orc.
The orc is almost dead.
You hit the orc.
You kill the orc!
You hit the orc priest but do no damage.
You claw the orc priest. Your headbutt misses the orc priest.
The orc priest is moderately wounded.
The orc priest hits you with a +0 hand axe.
You hit the orc priest but do no damage.
Your kick misses the orc priest.
The orc priest is moderately wounded.
Your transformation is almost over.
The orc priest hits you with a +0 hand axe.
* * * LOW HITPOINT WARNING * * *
You hit the orc priest but do no damage.
Your kick misses the orc priest. You headbutt the orc priest.
The orc priest is heavily wounded.
An orc priest comes into view. It is wielding a +0 trident.
The orc priest calls down the wrath of Beogh upon you.
Beogh smites you!
Ouch! That really hurt!
You die...

#### ..... #..
..... #.. ......
#.. ###...##. #..
#oo.....(
#..#######o#...##.
#........@.# #....
#.#####.###...###
#...........#
#..####.###.#
#..####.#
#.......#
#...##### #...#
#...#


You could see 2 orc priests and an orc.

Vanquished Creatures
  An adder (D:3)
  A dart slug (D:1)
  An orc (D:3)
  6 endoplasms (D:1)
  2 goblins (D:1)
  6 hobgoblins
  2 ball pythons
  6 bats
  3 frilled lizards (D:1)
  4 kobolds
  4 rats
36 creatures vanquished.

Notes
Turn   | Place    | Note
-------+----------+-------------------------------------------
     0 | D:1      | Dabor the Demigod Transmuter began the quest for the Orb.
     0 | D:1      | Reached XP level 1. HP: 15/15 MP: 5/5
    78 | D:1      | Reached skill level 1 in Fighting
   332 | D:1      | Reached XP level 2. HP: 19/23 MP: 5/7
  1782 | D:2      | Reached skill level 3 in Unarmed Combat
  1846 | D:2      | Reached XP level 3. HP: 28/28 MP: 8/8
  2268 | D:3      | Noticed a scorpion
  2350 | D:3      | Killed from afar by an orc priest

Illustrated notes

Levels and vault maps discovered:
D:1:      mainiacjoe_arrival_reflecting_pool, layout_loops_ring,
          kennysheep_small_spiral, minivault_23, chequers_arboretum
D:2:      layout_basic, ebering_ecumenical_altar_box, grunt_ministairs_13,
          minmay_misc_feat_cross, chequers_serial_rivers_micro_c
D:3:      layout_loops_ring, corexii_hall_statues_x,
          chequers_serial_rivers_micro_a, uniq_grinder

Skill      XL: |  1  2 |
---------------+-------+-----
Fighting       | 1 |  1.5
Dodging        | 2 |  2.2
Transmutations | 2 |  2.2
Spellcasting   | 2 |  2.1
Unarmed Combat | 3 |  3.0

Action                   || total
-------------------------++-------
Melee: Unarmed           ||    91
       Kick              ||    21
       Headbutt          ||     2
 Cast: Beastly Appendage ||    18
  Use: Scroll            ||     2
 Stab: Sleeping          ||     4
Armor: Robe              ||    17
Dodge: Dodged            ||    51

Table legend: (Time is in decaauts)
 A = Elapsed time spent in this place.
 B = Non-inter-level travel time spent in this place.
 C = Inter-level travel time spent in this place.
 D = Time resting spent in this place.
 E = Time spent auto-exploring this place.
 F = Levels seen in this place.
 G = Mean time per level.
                   A        B        C        D        E       F      G
               +--------+--------+--------+--------+--------+-----+--------+
         Total |   2346 |   2277 |     69 |      0 |   1940 |   3 |  782.0 |
       Dungeon |   2346 |   2277 |     69 |      0 |   1940 |   3 |  782.0 |
               +--------+--------+--------+--------+--------+-----+--------+

Top non-repeatable levels by time:
     D:1: 1288 daAuts
     D:2: 969 daAuts
     D:3: 89 daAuts
